 Dungeon Crawl Stone Soup version 0.29.0-13-gc9e81de378 (webtiles) character file.

Game seed: 7040264289236810066

112957 groovy9 the Severer (level 16, -4/162 HPs)
             Began as a Hill Orc Fighter on Sept 11, 2022.
             Was a High Priest of Okawaru.
             Killed from afar by a shock serpent (5 damage)
             ... with an electric aura
             ... on level 4 of the Snake Pit.
             The game lasted 01:19:20 (30049 turns).

groovy9 the Severer (Hill Orc Fighter)             Turns: 30049, Time: 01:19:21

Health: -4/162     AC: 36    Str: 27    XL:     16   Next: 61%
Magic:  24/24      EV:  7    Int:  8    God:    Okawaru [*****.]
Gold:   2748       SH:  0    Dex: 14    Spells: 15/15 levels left

rFire   . . .      SeeInvis +   z - +8 battleaxe of Pyromania {freeze, rC- rN++ Dex+4}
rCold   x . .      Faith    .   (shield currently unavailable)
rNeg    + + .      Spirit   .   c - +0 crystal plate armour
rPois   +          Reflect  .   H - +2 hat {SInv}
rElec   .          Harm     .   x - +1 cloak {Stlth+}
rCorr   .          Rampage  .   s - +0 pair of gloves
Will    ++...                   m - +2 pair of boots
Stlth   ..........              (no amulet)
HPRegen 0.37/turn               o - ring of poison resistance
MPRegen 0.19/turn               Q - ring of willpower

@: finesse-ful
A: no striking features
a: Renounce Religion, Heroism, Finesse, Duel


You were on level 4 of the Snake Pit.
You worshipped Okawaru.
Okawaru was extremely pleased with you.
You visited 5 branches of the dungeon, and saw 22 of its levels.
You also visited: Sewer and Bailey.

You collected 2796 gold pieces.
You spent 48 gold pieces at shops.

Inventory:

Hand Weapons
 a - the +7 battleaxe of Law {speed, *Noise Str+3 Dex+6}
   (Okawaru gifted it to you on level 9 of the Dungeon)

   Attacks with this weapon are significantly faster.
   Str:       It affects your strength (+3).
   Dex:       It affects your dexterity (+6).
   *Noise:    It may make noises in combat.
 z - the +8 battleaxe of Pyromania (weapon) {freeze, rC- rN++ Dex+4}
   (Okawaru gifted it to you on level 9 of the Dungeon)

   It freezes those it strikes, dealing additional cold damage.
   It can also slow down cold-blooded creatures.
   Dex:       It affects your dexterity (+4).
   rC:        It makes you vulnerable to cold.
   rN:        It greatly protects you from negative energy.
 E - the +5 executioner's axe "Lioczop" {elec, SInv}
   (Okawaru gifted it to you on level 2 of the Orcish Mines)

   It occasionally discharges a powerful burst of electricity upon striking a
   foe.
   SInv:      It lets you see invisible.
 F - the +3 executioner's axe of the Blushing Rat {venom, rCorr Dex+5}
   (Okawaru gifted it to you on level 1 of the Lair of Beasts)

   It poisons the flesh of those it strikes.
   Dex:       It affects your dexterity (+5).
   rCorr:     It protects you from acid and corrosion.
 R - a +0 eveningstar of flaming
Missiles
 q - a throwing net (quivered)
Armour
 b - the +1 plate armour of the Game of Life {Regen+ Dex+2}
   (You found it on level 4 of the Snake Pit)

   Dex:       It affects your dexterity (+2).
   Regen:     It increases your rate of health regeneration.
 c - a +0 crystal plate armour (worn)
 m - a +2 pair of boots (worn)
 s - a +0 pair of gloves (worn)
 x - a +1 cloak of stealth (worn)
 B - a +1 buckler of reflection
 H - a +2 hat of see invisible (worn)
Jewellery
 l - a +4 ring of evasion
 o - a ring of poison resistance (left hand)
 y - a ring of see invisible
 G - a ring of protection from cold
 L - a ring of resist corrosion
 M - a +6 ring of strength
 O - a ring of flight
 Q - a ring of willpower (right hand)
Scrolls
 d - 2 scrolls of blinking
 f - 6 scrolls of teleportation
 g - 6 scrolls of poison
 h - 3 scrolls of amnesia
 j - 7 scrolls of magic mapping
 r - 9 scrolls of identify
 u - a scroll of vulnerability
 C - 3 scrolls of butterflies
 N - a scroll of silence
 P - a scroll of fear
Potions
 e - 3 potions of cancellation
 i - 14 potions of curing
 k - a potion of lignification
 n - 4 potions of mutation
 p - a potion of heal wounds
 t - 6 potions of degeneration
 v - 2 potions of attraction
 w - 4 potions of ambrosia
 A - a potion of berserk rage
 D - 3 potions of magic
 I - 2 potions of invisibility
 J - a potion of might
 K - a potion of brilliance
 S - a potion of flight


   Skills:
 + Level 19.8 Fighting
 - Level 20.0 Axes
 + Level 18.4 Armour
 - Level 3.2 Shields
 - Level 11.2 Invocations


You had 15 spell levels left.
You didn't know any spells.
Your spell library contained the following spells:

 Spells                   Type           Power      Damage    Failure   Level
 Sandblast                Erth           0%         2d4       100%        1
 Passwall                 Tmut/Erth      0%         N/A       100%        2
 Poisonous Vapours        Pois/Air       0%         N/A       100%        2
 Static Discharge         Conj/Air       0%         3-3/arc   100%        2
 Sublimation of Blood     Necr           0%         N/A       100%        2
 Portal Projectile        Hex/Tloc       0%         N/A       100%        3
 Stone Arrow              Conj/Erth      0%         3d7       100%        3
 Corpse Rot               Necr/Pois/Air  0%         N/A       100%        4
 Dispel Undead            Necr           0%         3d6       100%        4
 Petrify                  Tmut/Erth      0%         N/A       100%        4
 Sticky Flame             Conj/Fire      0%         2d3       100%        4
 Blade Hands              Tmut           0%         N/A       100%        5
 Irradiate                Conj/Tmut      0%         3d11      100%        5
 Tukima's Dance           Hex            Unusable   N/A       N/A         3

Dungeon Overview and Level Annotations

Branches:
Dungeon (10/15)            Temple (1/1) D:4            Lair (5/5) D:10
 Shoals (0/4) Lair:3        Snake (4/4) Lair:3        Slime (0/5) Lair:4
    Orc (2/2) D:10            Elf (0/3) Orc:2         Sewer (visited)
 Bailey (visited)

Altars:
Ashenzari
Cheibriados
Dithmenos
Elyvilon
Fedhas
Gozag
Hepliaklqana
Kikubaaqudgha
Makhleb
Nemelex Xobeh
Okawaru
Qazlal
Ru
Sif Muna
Trog
Uskayaw
Vehumet
Wu Jian
Xom
Yredelemnul
Zin
The Shining One
Jiyva

Shops:
Orc:2 *:[(   Snake:1 !:[   Snake:3 :

Portals:
Abyss: Orc:2

Annotations:
D:9 exclusion: orange crystal statue
D:10 exclusion: statue


Message History

Your attacks no longer feel as feeble.
You start resting.
A naga sharpshooter is nearby!
A shock serpent comes into view.
The shock serpent hisses angrily.
The shock serpent shoots out a bolt of lightning at you!
The bolt of electricity hits you!!
* * * LOW HITPOINT WARNING * * *
You hear a shout!
You feel much better.
The naga sharpshooter mumbles some strange words.
The naga sharpshooter magically shoots an arrow.
The arrow hits you!
* * * LOW HITPOINT WARNING * * *
You hear an angry hiss.
You hit the shock serpent but do no damage.
You slash the shock serpent! You freeze the shock serpent.
The shock serpent is moderately wounded.
The shock serpent's electric aura discharges, shocking you!
A mana viper comes into view.
The shock serpent bites you but does no damage.
You completely miss the shock serpent.
The shock serpent is moderately wounded.
The naga sharpshooter gestures wildly while chanting.
The naga sharpshooter magically shoots an arrow.
The arrow hits you.
* * * LOW HITPOINT WARNING * * *
You slash the shock serpent! You freeze the shock serpent.
The shock serpent is severely wounded.
The shock serpent's electric aura discharges, shocking you!
* * * LOW HITPOINT WARNING * * *
The shock serpent shoots out a bolt of lightning at you!
The bolt of electricity hits you!
* * * LOW HITPOINT WARNING * * *
You carve the shock serpent like a ham!!!
The shock serpent seems to slow down.
You freeze the shock serpent!
You kill the shock serpent!
Okawaru accepts your kill.
The air sparks with electricity, shocking you!
You die...

#########
#.......#
#.......#.
#......... #.
###......... .
#...#..@.....S....
........#####N...N
............S.....
####....####......
##........#####
####..........#
#.............#
#......###....#
#...#..###....


You could see a naga sharpshooter and a mana viper.

Vanquished Creatures
  2 nagarajas
  Louise (Snake:2)
  2 orc warlords
  The ghost of stevemasterson the Bludgeoner, a journeyman DsAK of Lugonu (Orc:2)
  A dire elephant (Lair:5)
  The ghost of Junaliek the Protected, a journeyman MiFi of Okawaru (Lair:2)
  A rakshasa (Orc:2)
  2 salamander tyrants (Snake:4)
  2 vault guards (Bailey)
  7 hydras
  The ghost of browni3141 the Immaculate, a journeyman GrDe of Zin (Lair:4)
  7 anacondas
  A deep troll shaman (Lair:5)
  8 naga warriors
  A catoblepas (Lair:5)
  3 orc high priests (Orc:2)
  17 death yaks
  The ghost of nickcage the Severer, a novice MiGl of Makhleb (D:9)
  10 naga sharpshooters
  3 shock serpents
  6 naga ritualists
  5 orc knights
  9 mana vipers
  5 salamanders
  2 ugly things (Orc:2)
  4 orc sorcerers (Orc:2)
  A worldbinder (Orc:2)
  A manticore (Lair:3)
  15 elephants
  Maurice (D:9)
  2 guardian serpents
  27 black mambas
  9 naga magi
  Joseph (D:9)
  9 cane toads
  8 komodo dragons
  3 rime drakes
  An ancient zyme (Orc:2)
  A queen bee (Lair:4)
  A wind drake (Lair:3)
  A polar bear (Lair:5)
  2 meliai (Lair:4)
  5 trolls
  26 blink frogs
  Prince Ribbit (D:5)
  A raiju (Orc:2)
  3 hornets
  A ynoxinul (Orc:2)
  46 yaks
  A steam dragon (D:8)
  3 basilisks
  4 humans (Bailey)
  7 wyverns
  40 nagas
  3 wargs (Orc:2)
  An acid dragon (D:10)
  14 water moccasins
  19 orc warriors
  6 ice beasts
  10 black bears
  2 sky beasts
  6 ogres (Orc:2)
  21 wolves
  22 bullfrogs
  3 gnoll sergeants
  3 necrophages
  11 wights
  12 killer bees
  A howler monkey (D:6)
  2 jellies (D:8)
  13 orc priests
  2 hounds
  3 iguanas
  A gnoll bouda (D:4)
  12 orc wizards
  A centaur simulacrum (D:9)
  37 gnolls
  11 adders
  6 river rats (Sewer)
  3 shadow imps
  4 white imps
  A howler monkey simulacrum (D:9)
  An ufetubus (D:4)
  4 worms
  2 dart slugs
  74 orcs
  2 endoplasms
  7 giant cockroaches
  24 goblins
  31 hobgoblins
  6 quokkas
  5 ball pythons
  16 bats
  5 frilled lizards
  17 kobolds
  11 rats
759 creatures vanquished.

Vanquished Creatures (others)
  An orc priest (Orc:2)
  2 orcs (Orc:2)
  A bush (Lair:2)
  14 fungi
  102 plants
120 creatures vanquished.

Grand Total: 879 creatures vanquished

Notes
Turn   | Place    | Note
-------+----------+-------------------------------------------
     0 | D:1      | groovy9 the Hill Orc Fighter began the quest for the Orb.
     0 | D:1      | Reached XP level 1. HP: 19/19 MP: 1/1
    19 | D:1      | Reached skill level 3 in Axes
   178 | D:1      | Reached XP level 2. HP: 26/26 MP: 2/2
   333 | D:1      | Reached skill level 4 in Axes
  1147 | D:2      | Reached XP level 3. HP: 31/31 MP: 3/3
  1507 | D:2      | Reached skill level 5 in Axes
  1649 | D:2      | Reached XP level 4. HP: 39/39 MP: 4/4
  1980 | D:2      | Identified a scroll of acquirement
  1980 | D:2      | Acquired 441 gold pieces
  2087 | D:3      | Reached skill level 6 in Axes
  2184 | D:3      | Found a basalt altar of Yredelemnul.
  2336 | D:3      | Reached XP level 5. HP: 38/45 MP: 5/5
  2338 | D:3      | Found a faded altar of an unknown god.
  2341 | D:3      | Found a shimmering blue altar of Sif Muna.
  2444 | D:3      | Reached skill level 7 in Axes
  2576 | D:3      | Found a glowing golden altar of the Shining One.
  2639 | D:3      | Found a faded altar of an unknown god.
  3209 | D:4      | Reached skill level 8 in Axes
  3209 | D:4      | Reached XP level 6. HP: 29/51 MP: 6/6
  3987 | D:4      | Reached skill level 9 in Axes
  4383 | D:4      | Reached XP level 7. HP: 39/57 MP: 7/7
  4780 | D:4      | Reached skill level 10 in Axes
  4827 | D:4      | Found a staircase to the Ecumenical Temple.
  4848 | Temple   | Entered the Ecumenical Temple
  4933 | Temple   | Became a worshipper of Warmaster Okawaru
  5332 | D:5      | Entered Level 5 of the Dungeon
  5351 | D:5      | Reached skill level 11 in Axes
  5499 | D:5      | Noticed Prince Ribbit
  5508 | D:5      | Reached XP level 8. HP: 54/64 MP: 8/8
  5522 | D:5      | Reached * piety under Okawaru
  5523 | D:5      | Reached skill level 12 in Axes
  5531 | D:5      | HP: 3/64 [Prince Ribbit (2)]
  5534 | D:5      | Killed Prince Ribbit
  5930 | D:5      | Reached skill level 13 in Axes
  5981 | D:5      | Found a glowing drain.
  5993 | Sewer    | Entered a sewer
  6769 | D:6      | Reached ** piety under Okawaru
  6770 | D:6      | Reached skill level 1 in Invocations
  6801 | D:6      | Found a hazy altar of Hepliaklqana.
  6933 | D:6      | Found a glowing silver altar of Zin.
  7007 | D:6      | Reached XP level 9. HP: 64/72 MP: 10/10
  7066 | D:6      | Reached skill level 5 in Fighting
  7458 | D:6      | Reached skill level 5 in Armour
  7845 | D:6      | Reached *** piety under Okawaru
  7846 | D:6      | Reached skill level 5 in Invocations
  8130 | D:7      | Acquired a +0 crystal plate armour
  8216 | D:7      | Found an ancient bone altar of Kikubaaqudgha.
  8407 | D:7      | Found a flagged portal.
  8416 | Bailey   | Entered a bailey
  8445 | Bailey   | Reached XP level 10. HP: 73/86 MP: 14/14
  8468 | Bailey   | Reached **** piety under Okawaru
  8792 | Bailey   | Noticed a vault guard
  8811 | Bailey   | Killed a vault guard
  9118 | Bailey   | Noticed a vault guard
  9137 | Bailey   | Killed a vault guard
  9518 | D:8      | Reached ***** piety under Okawaru
  9519 | D:8      | Reached skill level 14 in Axes
  9520 | D:8      | Reached XP level 11. HP: 94/97 MP: 17/17
 10059 | D:8      | Noticed a death yak
 10091 | D:8      | Killed a death yak
 10101 | D:8      | Reached skill level 10 in Invocations
 10160 | D:8      | Reached skill level 10 in Fighting
 10582 | D:9      | Identified the +7 battleaxe of Law {speed, *Noise Str+3
                  | Dex+6} (Okawaru gifted it to you on level 9 of the Dungeon)
 10582 | D:9      | Received a gift from Okawaru
 10723 | D:9      | Noticed Maurice
 10735 | D:9      | Killed Maurice
 10803 | D:9      | Noticed Joseph
 10811 | D:9      | Killed Joseph
 10812 | D:9      | Reached skill level 15 in Axes
 10916 | D:9      | Noticed an orange crystal statue
 10947 | D:9      | Noticed a cyclops
 11145 | D:9      | Noticed nickcage's ghost (novice MiGl)
 11172 | D:9      | Found a runed translucent gate.
 11172 | D:9      | Found a runed translucent gate.
 11172 | D:9      | Found a runed translucent gate.
 11218 | D:9      | Identified the +8 battleaxe of Pyromania {freeze, rC- rN++
                  | Dex+4} (Okawaru gifted it to you on level 9 of the Dungeon)
 11218 | D:9      | Received a gift from Okawaru
 11219 | D:9      | Reached skill level 10 in Armour
 11501 | D:9      | Reached XP level 12. HP: 92/108 MP: 20/20
 11635 | D:9      | Killed nickcage's ghost
 11765 | D:9      | Noticed a two-headed ogre
 11927 | D:10     | Entered Level 10 of the Dungeon
 11937 | D:10     | Found a white marble altar of Elyvilon.
 12113 | D:10     | Found a staircase to the Lair.
 12291 | D:10     | Found a radiant altar of Vehumet.
 12589 | D:10     | Found a staircase to the Orcish Mines.
 12850 | Orc:1    | Entered Level 1 of the Orcish Mines
 12861 | Orc:1    | Noticed an orc warlord
 13129 | Orc:1    | Killed an orc warlord
 13130 | Orc:1    | Reached skill level 16 in Axes
 13466 | Orc:2    | Entered Level 2 of the Orcish Mines
 13676 | Orc:2    | Found a staircase to the Elven Halls.
 13679 | Orc:2    | Identified the +5 executioner's axe "Lioczop" {elec, SInv}
                  | (Okawaru gifted it to you on level 2 of the Orcish Mines)
 13679 | Orc:2    | Received a gift from Okawaru
 13708 | Orc:2    | Found a transporter.
 13715 | Orc:2    | Noticed stevemasterson's ghost (journeyman DsAK)
 13715 | Orc:2    | Noticed an orc warlord
 13815 | Orc:2    | Noticed a rakshasa
 13822 | Orc:2    | Found a one-way gate to the infinite horrors of the Abyss.
 13823 | Orc:2    | Found a transporter.
 14465 | Orc:2    | Noticed an orc high priest
 14473 | Orc:2    | Killed an orc high priest
 14491 | Orc:2    | Noticed an orc high priest
 14494 | Orc:2    | Reached XP level 13. HP: 117/119 MP: 14/21
 14503 | Orc:2    | Reached skill level 17 in Axes
 14509 | Orc:2    | Reached ****** piety under Okawaru
 14515 | Orc:2    | Received a gift from Okawaru
 14516 | Orc:2    | Found Nuylimeb's General Store.
 14516 | Orc:2    | Found Iklukh's Book Shop.
 14859 | Orc:2    | Found Micreca's Armour Emporium.
 14859 | Orc:2    | Found Qion's Weapon Shop.
 15502 | Orc:2    | Killed an orc warlord
 15627 | Orc:2    | Killed stevemasterson's ghost
 15648 | Orc:2    | Killed a rakshasa
 15990 | Lair:1   | Entered Level 1 of the Lair of Beasts
 16467 | Lair:1   | Identified the +3 executioner's axe of the Blushing Rat
                  | {venom, rCorr Dex+5} (Okawaru gifted it to you on level 1
                  | of the Lair of Beasts)
 16467 | Lair:1   | Received a gift from Okawaru
 16474 | Lair:1   | Reached skill level 18 in Axes
 17281 | Lair:2   | Found a runed translucent gate.
 17281 | Lair:2   | Noticed Junaliek's ghost (journeyman MiFi)
 17342 | Lair:2   | Found a runed translucent gate.
 17342 | Lair:2   | Found a runed translucent gate.
 17373 | Lair:2   | Reached XP level 14. HP: 115/133 MP: 15/22
 17400 | Lair:2   | Received a gift from Okawaru
 17441 | Lair:2   | Killed Junaliek's ghost
 17717 | Lair:2   | Reached skill level 15 in Fighting
 18550 | Lair:3   | Reached skill level 19 in Axes
 18808 | Lair:3   | Found a staircase to the Snake Pit.
 19312 | Lair:3   | Found a staircase to the Shoals.
 20059 | Arena    | Entered the Arena
 20502 | Lair:4   | Noticed browni3141's ghost (journeyman GrDe)
 20543 | Lair:4   | Found a viscous altar of Jiyva.
 20544 | Lair:4   | Found a staircase to the Slime Pits.
 20773 | Lair:4   | Found a transporter.
 20782 | Lair:4   | Found a transporter.
 21237 | Lair:4   | Killed browni3141's ghost
 21334 | Lair:5   | Entered Level 5 of the Lair of Beasts
 21686 | Lair:5   | Reached skill level 15 in Armour
 21766 | Lair:5   | Received a gift from Okawaru
 22045 | Lair:5   | Reached XP level 15. HP: 124/145 MP: 23/23
 22051 | Lair:5   | Reached skill level 20 in Axes
 23210 | Snake:1  | Entered Level 1 of the Snake Pit
 23399 | Snake:1  | Found Uredaip's Distillery.
 23399 | Snake:1  | Found Moahuz's Book Shop.
 23403 | Snake:1  | Found Hiosho's Armour Boutique.
 23407 | Snake:1  | Bought a potion of curing for 48 gold pieces
 23507 | Snake:1  | Received a gift from Okawaru
 24589 | Snake:1  | Found a hazy altar of Hepliaklqana.
 25113 | Snake:2  | Noticed Louise
 25376 | Snake:2  | Killed Louise
 25810 | Snake:2  | Received a gift from Okawaru
 26590 | Snake:2  | Reached XP level 16. HP: 159/159 MP: 24/24
 26973 | Snake:2  | Noticed a nagaraja
 26980 | Snake:2  | Killed a nagaraja
 26980 | Snake:2  | Received a gift from Okawaru
 27992 | Snake:3  | Found Jozienyg's Book Shoppe.
 28176 | Snake:3  | Found a sacrificial altar of Ru.
 28418 | Snake:4  | Entered Level 4 of the Snake Pit
 28878 | Snake:4  | Received a gift from Okawaru
 29504 | Snake:4  | Identified the +1 plate armour of the Game of Life {Regen+
                  | Dex+2}
 29979 | Snake:4  | Noticed a nagaraja
 29997 | Snake:4  | Killed a nagaraja
 30006 | Snake:4  | HP: 6/162 [salamander tyrant (16)]
 30048 | Snake:4  | HP: 1/162 [shock serpent/bolt of electricity (17)]
 30049 | Snake:4  | Killed from afar by a shock serpent

Illustrated notes

Levels and vault maps discovered:
D:1:      minmay_arrival_shattered_statue, layout_loops_ring, serial_bayou,
          serial_bayou_crossing, serial_bayou_pond_a, serial_bayou_pond_d,
          serial_bayou_lagoon_a
D:2:      layout_loops_cross
D:3:      layout_loops_ring, nicolae_overflow_ecumenical_swirl, tso_metal_star,
          mainiacjoe_overflow_surrounded_room,
          hellmonk_ecumenical_altar_leap_of_faith
D:4:      minmay_goblin_kobold_castle, layout_rooms, minmay_temple_entry_mist,
          roderic_roman_lattice, chequers_jeans
D:5:      layout_rooms, portal_sewer_entry_f, uniq_prince_ribbit1
D:6:      nicolae_BIG_FREAKIN_CUBE, layout_basic, zin_statuary,
          nicolae_hepliaklqana_hippocampus
D:7:      layout_rooms, nicolae_overflow_crystal_walls, enter_bailey_2
D:8:      argonaut_augean_stables, layout_basic, st_stairs_11
D:9:      layout_gridville, gammafunk_ghost_icy, roderic_batcave,
          minmay_protected_statue, uniq_maurice, uniq_joseph
D:10:     layout_long_grid, vehumet_statue, elyvilon_altar_5,
          david_lair_generic, orc_0_dummy
Temple:   zaba_magenta_temple
Lair:1:   layout_gridlike
Lair:2:   layout_cellular_growth, gammafunk_ghost_split, st_stairs_6,
          nicolae_lair_lil_pond, wad_woods_road_01
Lair:3:   layout_cave_pods, minmay_shoals_entry_beasts, dummy_snake_entry,
          serial_bayou_pond_b, beast_lair_carwin_3
Lair:4:   layout_loops_ring, slime_entry_1, gammafunk_ghost_hive
Lair:5:   grunt_lair_end_beastmaster, layout_regular_city,
          infiniplex_staircase_pool_2
Snake:1:  layout_cave_pods, basic_altar, nicolae_snake_snakes_in_the_grass,
          minmay_shop_star
Snake:2:  layout_honeycomb, lemuel_fruit_tree, serial_bayou_shore_b, uniq_louise
Snake:3:  layout_honeycomb, basic_altar, serial_shops, shop
Snake:4:  hellmonk_snake_rune_quicksilver_temple, layout_basic,
          serial_bayou_pond_d
Orc:1:    cheibrodos_orc_arena, layout_caves, mines3_lemuel
Orc:2:    grunt_orc_tribal_feast, layout_diamond_mine,
          gammafunk_ghost_abyssal_escape

Skill      XL: |  1  2  3  4  5  6  7  8  9 10 11 12 13 14 15 16 |
---------------+-------------------------------------------------+-----
Axes           | 3 4 5 6 8 9 11 13 14 15 16 18 19 20 | 20.0
Invocations    | 2 6 9 11 | 11.2
Fighting       | 4 7 9 10 12 14 16 18 19 | 19.8
Armour         | 4 6 8 10 11 13 15 17 18 | 18.4
Shields        | |  3.2

Action                   |  1- 3 |  4- 6 |  7- 9 | 10-12 | 13-15 | 16-18 || total
-------------------------+-------+-------+-------+-------+-------+-------++-------
Melee: War axe           |    84 |   235 |   319 |   216 |       |       ||   854
       Battleaxe         |       |       |       |   336 |   776 |   210 ||  1322
       Flail             |       |       |       |       |    70 |       ||    70
       Punch             |       |       |       |       |     4 |       ||     4
Throw: Throwing net      |       |       |       |       |     1 |       ||     1
Invok: Finesse           |       |       |       |     6 |     8 |     1 ||    15
       Heroism           |       |       |       |     6 |     8 |     1 ||    15
       Duel              |       |       |       |       |     1 |       ||     1
  Use: Potion            |     3 |       |     9 |     1 |     5 |     4 ||    22
       Scroll            |     2 |     9 |     7 |     7 |     9 |     3 ||    37
Armor: Scale mail        |    33 |    10 |       |       |       |       ||    43
       Chain mail        |       |   105 |   185 |       |       |       ||   290
       Crystal plate arm |       |       |    30 |   313 |   704 |   148 ||  1195
Dodge: Dodged            |    40 |    73 |    76 |   153 |   330 |    58 ||   730
Block: Buckler           |    21 |    36 |    45 |       |       |       ||   102
       Kite shield       |       |       |    36 |    76 |       |       ||   112
